Map: Aura mortal EE

Players

MrFercho

  • Race: Zerg Zerg
  • League: Gold
  • Spawn Location: 5:00

Optimus - Winner!

  • Race: Terran Terran
  • League: Gold
  • Spawn Location: 11:00

VOD

Have the link to the VOD?

Description

Time

  • Played on: July 23, 2020, 8:02 p.m.
  • Length: 22:25
Show
View Real Time Build Order
Export as new Build Order

MrFercho Zerg 

Build Orders: Hatch First 

Get SALT Encoding   

  12  0:01  Drone  
  13  0:13  Overlord  
  13  0:17  Drone  
  14  0:33  Drone x2  
  16  0:51  Hatchery, Drone  
  16  0:55  Drone  
  17  0:59  Drone  
  18  1:06  Extractor  
  17  1:15  Spawning Pool  
  16  1:19  Drone  
  17  1:30  Drone x2  
  19  1:41  Drone  
  20  1:52  Overlord  
  20  2:02  Queen  
  20  2:03  Queen  
  20  2:05  Zergling x4  
  26  2:10  Metabolic Boost  
  26  2:14  Drone  
  27  2:16  Drone  
  27  2:22  Drone  
  29  2:27  Drone  
  30  2:36  Drone x2  
  32  2:40  Queen  
  34  2:48  Lair  
  34  2:49  Drone  
  35  2:52  Overlord  
  35  2:59  Drone  
  36  3:13  Drone x6  
  42  3:26  Overlord x3  
  42  3:43  Baneling Nest  
  42  3:45  Zergling x10  
  42  3:47  Evolution Chamber  
  45  3:52  Extractor  
  45  3:54  Extractor  
  43  4:04  Drone x2  
  43  4:05  Drone x3  
  48  4:13  Zerg Melee Weapons Level 1  
  48  4:22  Overseer  
  48  4:34  Drone x2  
  48  4:38  Drone x8  
  58  4:52  Hatchery  
  57  4:54  Pneumatized Carapace  
  57  5:15  Hydralisk Den  
  57  5:16  Centrifical Hooks  
  56  5:25  Drone x2  
  56  5:27  Evolution Chamber  
  57  5:35  Queen  
  57  5:40  Drone  
  57  5:41  Extractor  
  59  5:43  Overlord x4  
  59  5:44  Overlord x2  
  59  6:01  Queen  
  61  6:13  Grooved Spines  
  61  6:17  Drone x2  
  61  6:18  Drone  
  64  6:28  Drone x4  
  64  6:29  Drone x3  
  71  6:49  Drone x10  
  81  7:16  Extractor x2  
  81  7:19  Spine Crawler  
  81  7:20  Spine Crawler  
  77  7:24  Muscular Augments, Spore Crawler  
  77  7:29  Spine Crawler  
  75  7:35  Spine Crawler  
  75  7:36  Zerg Melee Weapons Level 2, Zerg Missile Weapons Level 1  
  74  7:43  Zergling x2  
  74  7:44  Zergling x24, Spine Crawler  
  84  7:59  Overseer  
  84  8:42  Drone x3  
  84  8:43  Drone  
  84  8:45  Hydralisk x4  
  84  8:46  Hydralisk x3  
  102  8:53  Spire  
  101  8:56  Infestation Pit  
  101  9:00  Lurker Den  
  99  9:09  Hatchery  
  98  9:11  Queen  
  98  9:13  Hatchery  
  98  9:15  Drone x6  
  105  9:20  Drone  
  105  9:22  Overlord  
  105  9:23  Overlord  
  106  9:29  Baneling x8  
  106  9:30  Baneling  
  105  9:47  Queen  
  107  10:01  Hatchery  
  107  10:05  Drone x6  
  112  10:15  Drone  
  112  10:16  Drone x6  
  112  10:17  Hatchery  
  112  10:20  Hive  
  112  10:21  Zerg Flyer Weapons Level 1  
  118  10:37  Hydralisk x7  
  118  10:38  Extractor, Hydralisk  
  118  10:40  Extractor  
  132  11:09  Overlord x6  
  132  11:10  Overlord x5  
  132  11:15  Burrow  
  103  11:33  Zergling x12  
  103  11:34  Zergling x44  
  77  12:00  Hydralisk x7  
  65  12:12  Zergling x12  
  65  12:13  Zergling x12  
  61  12:39  Overseer  
  61  12:40  Overseer x3  
  61  12:43  Hatchery  
  57  12:51  Drone  
  57  12:52  Drone x8  
  66  13:01  Greater Spire  
  66  13:02  Seismic Spines  
  66  13:06  Hydralisk  
  66  13:07  Hydralisk x6  
  66  13:09  Extractor  
  79  13:18  Drone x7  
  86  13:39  Hydralisk x11  
  86  13:40  Hatchery  
  107  13:46  Zergling x4  
  107  13:47  Zergling x2  
  110  13:59  Adaptive Talons  
  111  14:10  Drone x14  
  124  15:06  Drone x3  
  127  15:07  Drone  
  127  15:08  Drone x2  
  127  15:10  Drone x2  
  132  15:15  Drone x10  
  132  15:18  Lurker x6  
  148  15:22  Zergling x12  
  148  15:28  Queen  
  154  15:33  Zerg Flyer Weapons Level 2  
  156  15:43  Extractor  
  156  15:45  Extractor  
  156  15:46  Zergling x6  
  156  15:47  Zergling x24  
  169  16:00  Evolution Chamber  
  169  16:02  Baneling Nest  
  167  16:06  Queen  
  167  16:07  Evolution Chamber  
  167  16:08  Drone x2  
  99  16:37  Hydralisk x9  
  99  16:38  Hydralisk  
  119  16:41  Zergling x14  
  119  16:42  Zergling x2  
  127  16:59  Adrenal Glands  
  127  17:05  Ultralisk Cavern  
  126  17:09  Zergling x6  
  126  17:10  Zergling x18  
  138  17:23  Zerg Missile Weapons Level 2  
  138  17:24  Zerg Melee Weapons Level 3  
  125  17:46  Hydralisk  
  125  17:47  Hydralisk x19  
  115  18:06  Zergling x24  
  115  18:07  Zergling x2  
  125  18:35  Zerg Flyer Weapons Level 3  
  125  19:02  Hatchery  
  124  19:05  Extractor  
  124  19:06  Extractor  
  124  19:07  Ultralisk x4  
  124  19:09  Baneling  
  146  19:10  Baneling x4  
  146  19:25  Overlord x2  
  146  19:26  Overlord x2  
  146  19:29  Overseer x3  
  146  19:43  Hydralisk  
  146  19:44  Hydralisk x3  
  154  19:48  Lurker x3  
  154  19:49  Lurker  
  154  19:51  Zergling x2  
  103  20:23  Anabolic Synthesis  
  101  20:33  Drone x4  
  98  21:05  Chitinous Plating  
  39  21:30  Zergling x20  
  29  21:40  Zergling x4  
  30  21:51  Drone x2  
Show
View Real Time Build Order
Export as new Build Order

Optimus Terran - Winner!

Build Orders:  

Get SALT Encoding   

  12  0:12  SCV  
  13  0:21  Supply Depot  
  13  0:24  SCV  
  14  0:36  SCV  
  15  0:46  Barracks  
  15  0:49  SCV  
  16  0:50  Supply Depot  
  16  1:00  Refinery  
  16  1:01  SCV  
  17  1:13  SCV  
  18  1:24  Refinery  
  18  1:25  SCV  
  19  1:37  Marine, SCV  
  21  1:49  Bunker, SCV  
  22  1:54  Marine  
  23  2:01  SCV  
  24  2:10  Command Center  
  24  2:14  Marine  
  24  2:15  SCV  
  26  2:27  Orbital Command  
  26  2:42  Barracks Tech Lab  
  26  3:01  SCV  
  26  3:03  Combat Shield  
  26  3:05  Supply Depot  
  27  3:06  Marine  
  27  3:11  Engineering Bay  
  28  3:13  SCV  
  28  3:16  Barracks  
  29  3:25  SCV x2  
  31  3:40  SCV  
  33  3:43  Factory  
  33  3:44  Orbital Command  
  32  3:51  Engineering Bay  
  32  3:52  Terran Infantry Weapons Level 1  
  32  3:53  SCV  
  33  4:03  Barracks  
  33  4:05  SCV  
  34  4:11  SCV  
  34  4:14  Barracks Reactor  
  35  4:17  SCV  
  35  4:20  Terran Infantry Armor Level 1  
  35  4:23  SCV  
  37  4:26  Ghost Academy  
  37  4:29  SCV  
  38  4:32  Starport  
  38  4:35  SCV, Widow Mine  
  41  4:41  SCV  
  42  4:47  SCV  
  42  4:49  Stimpack  
  43  4:53  SCV  
  43  4:54  Barracks Reactor  
  43  4:55  Marine x3  
  43  4:59  SCV  
  48  5:05  SCV  
  49  5:07  Armory  
  49  5:08  Personal Cloaking  
  49  5:13  Marine  
  50  5:16  Refinery  
  50  5:18  Refinery  
  50  5:26  Starport Reactor  
  50  5:32  Marine x2  
  50  5:33  Marine x2  
  54  5:42  Supply Depot  
  54  5:43  Supply Depot x3  
  54  6:03  Ghost  
  56  6:04  Supply Depot  
  56  6:05  Marine x4  
  56  6:08  Supply Depot  
  56  6:11  Medivac  
  62  6:23  Marine x4  
  66  6:32  Medivac, Ghost  
  70  6:34  Nuke  
  70  6:44  Command Center  
  69  7:04  Medivac x2  
  73  7:29  Terran Infantry Weapons Level 2, Terran Infantry Armor Level 2  
  73  7:35  Viking  
  75  7:41  Marine x5  
  80  7:44  Medivac  
  80  7:47  SCV x2  
  84  7:59  Marine x5  
  89  8:17  Marine x2  
  89  8:26  Nuke  
  89  8:31  Marine x3  
  92  8:34  Marine x2  
  92  8:37  Barracks  
  94  8:48  Ghost Academy  
  94  8:49  Marine x3, SCV x2  
  94  8:52  Marine x2  
  101  8:55  Planetary Fortress  
  101  9:01  SCV x2  
  103  9:07  Marine x3  
  106  9:10  Medivac x2, Marine  
  111  9:19  Ghost Academy  
  111  9:26  Barracks  
  111  9:29  Ghost  
  111  9:36  Marine x3  
  111  9:37  Marine x2  
  116  9:46  Nuke  
  116  9:49  SCV  
  116  9:52  Bunker  
  117  10:05  Supply Depot  
  117  10:07  Supply Depot  
  117  10:08  Supply Depot  
  117  10:09  Supply Depot x2  
  117  10:18  Bunker  
  117  10:26  Medivac, Ghost, Marine, SCV x3  
  125  10:29  Medivac, Marine x3  
  130  10:39  SCV x3  
  133  10:51  SCV x3  
  136  11:03  SCV  
  96  12:54  Marine x5  
  103  13:00  Terran Infantry Weapons Level 3  
  103  13:02  Terran Infantry Armor Level 3  
  103  13:05  Barracks Reactor  
  101  13:08  Barracks Reactor  
  101  13:12  Marine x5  
  106  13:14  Nuke  
  106  13:16  Nuke x2  
  106  13:25  Medivac x2  
  110  13:29  Marine x3  
  110  13:30  Marine  
  114  13:42  Refinery  
  114  13:44  Refinery  
  114  13:55  Medivac x2  
  114  13:58  Marine  
  114  13:59  Marine x8  
  127  14:06  Command Center  
  127  14:16  Marine  
  127  14:17  Marine x8  
  134  14:34  Marine x6  
  134  14:35  Marine x3  
  134  14:37  Nuke  
  143  14:52  Marine x9  
  149  15:04  Bunker  
  149  15:05  Bunker  
  149  15:06  Bunker  
  149  15:09  Marine  
  149  15:10  Marine x7  
  149  15:14  Nuke  
  157  15:17  Marine  
  158  15:27  Marine  
  159  15:37  Planetary Fortress  
  159  15:45  Marine x6  
  159  15:46  Marine x3  
  168  16:03  Marine x4  
  172  16:22  Marine x2  
  172  16:23  Marine x2  
  172  16:24  Marine x5  
  112  16:40  Marine x2  
  112  16:41  Marine x2  
  112  16:42  Marine  
  117  16:58  Factory  
  117  17:07  Refinery  
  117  17:08  Factory  
  117  17:10  Refinery  
  117  17:12  Factory Tech Lab  
  117  17:33  Marauder, Marine x7  
  117  17:34  Marine  
  123  17:51  Marine x8  
  123  17:54  Marauder  
  124  18:15  Marauder  
  124  18:16  Factory Tech Lab  
  124  18:18  Factory Tech Lab  
  126  18:20  Siege Tank  
  129  18:39  Terran Vehicle Weapons Level 1  
  129  18:45  Ghost  
  131  18:51  Marine x2  
  131  18:52  Marine x6  
  131  18:53  Siege Tank  
  142  18:57  Siege Tank x2  
  148  19:09  Marine x3  
  150  19:10  Marine x5  
  150  19:14  Ghost  
  158  19:25  Siege Tank  
  158  19:27  Marine  
  158  19:29  Siege Tank x2  
  168  19:42  Ghost  
  170  20:00  Siege Tank  
  170  20:03  Siege Tank  
  170  20:05  Siege Tank  
  168  20:11  Ghost  
  142  20:40  Ghost  
  142  20:57  Marine x2  
  142  20:58  Marine x4  
  151  21:04  Siege Tank x3  
  151  21:09  Marauder  
  157  21:15  Marine x4  
  157  21:18  Marine x2  
  150  21:30  Marauder  
  150  21:33  Marine x4  
  150  21:36  Siege Tank  
  157  21:42  Command Center  
  157  22:00  Marine x2  
Tags
 
League
GoldGold
Matchup
TvZ
Replay Pack
MrFercho
Spawn Locations
Cross Positions
Add a new tag
Caveats
  • Supply blocks, unpowered buildings, or Contaminate may cause inaccurate times.
  • Supply counts are checked every 10 seconds.